 Dungeon Crawl Stone Soup version 0.31.0-11-ge490571c62 (webtiles) character file.

Game seed: 13287660122968328206

84 qw the Shooter (level 4, -4/24 (25) HPs)
             Began as a Deep Elf Hunter on Feb 3, 2024.
             Shot with a sling bullet by a gnoll (9 damage)
             ... on level 3 of the Dungeon.
             The game lasted 00:00:06 (1740 turns).

qw the Shooter (Deep Elf Hunter)                    Turns: 1740, Time: 00:00:06

HP:   -4/24 (25)    AC:  6    Str: 10    XL:     4   Next: 24%
MP:   6/6           EV: 11    Int: 14    God:
Gold: 143           SH:  0    Dex: 18    Spells: 3/3 levels left

rFire   . . .        a - +0 shortbow
rCold   + . .        (shield currently unavailable)
rNeg    . . .        h - +1 ring mail {rC+}
rPois   .            (no helmet)
rElec   .            (no cloak)
rCorr   .            (no gloves)
SInv    .            (no boots)
Will    .....        (no amulet)
Stlth   +            (no ring)
HPRegen 0.24/turn    (no ring)
MPRegen 0.10/turn

%: no passive effects
@: lightly drained
A: no striking features
a: no special abilities


You were on level 3 of the Dungeon.
You visited 1 branch of the dungeon, and saw 3 of its levels.

You collected 143 gold pieces.


   Skills:
 - Level 1.5 Fighting
 + Level 7.7 Ranged Weapons
 - Level 2.4 Dodging
 - Level 1.2 Stealth


You had 3 spell levels left.
You didn't know any spells.
Your spell library was empty.

Inventory:

Hand Weapons
 a - a +0 shortbow (weapon)
Armour
 h - a +1 ring mail of cold resistance (worn)
Wands
 b - a wand of flame (22)
Potions
 c - a potion of curing
 d - a potion of resistance {unknown}
 e - a potion of might {unknown}
 f - a potion of attraction {unknown}
 g - a potion of ambrosia {unknown}
 i - a potion of heal wounds {unknown}

Dungeon Overview and Level Annotations

Branches:
Dungeon (3/15)

Altars:


Message History

You shoot an arrow. The gnoll shouts!
The arrow hits the gnoll.
The gnoll is lightly wounded.
A gnoll comes into view. It is wielding a +0 spear.
You shoot an arrow. The arrow closely misses the adder.
You shoot an arrow. The arrow misses the adder.
The adder bites you.
You are poisoned.
The adder poisons you! The adder bites you but does no damage.
A gnoll comes into view. It is wielding a +0 club.
You shoot an arrow. The arrow barely misses the adder.
You feel sick. The adder barely misses you.
You shoot an arrow. The arrow hits the adder.
The adder is heavily wounded.
You feel sick. The adder barely misses you. x2
You shoot an arrow. The arrow completely misses the adder.
You feel sick. The adder barely misses you.
The adder bites you but does no damage.
You shoot an arrow. The arrow hits the adder!
You kill the adder!
You feel sick.
You are no longer poisoned.
You shoot an arrow. The arrow closely misses the gnoll.
A frilled lizard comes into view.
You shoot an arrow. The frilled lizard hisses angrily.
The arrow hits the gnoll but does no damage.
You shoot an arrow. The arrow hits the gnoll.
The gnoll is lightly wounded.
You shoot an arrow. The arrow hits the gnoll!
The gnoll is almost dead.
A gnoll comes into view.
It is wielding the +8 sling "Yrism" {drain, rElec rF+}.
The gnoll hits you from afar with a +0 spear.
You shoot an arrow. The arrow barely misses the gnoll.
The gnoll shoots a sling bullet.
The sling bullet hits you.
You feel drained. The gnoll hits you with a +0 club!
The gnoll hits you from afar with a +0 spear.
The gnoll shoots a sling bullet.
The sling bullet hits you!
You die...

#########
#####....@..#
#.....###g''#
#..>.##
...g..#
########...##
.~...l..#
.......#..##
.~.~.~.~..#
.........##
.~...~...~..
.##.##.###
.~.~.~.~.~.~.
....##.#
.~...~.7.~g..~
..#.##.#


You could see 3 gnolls and a frilled lizard.

Vanquished Creatures
  Ijyb (D:3)
  An adder (D:3)
  A dart slug (D:1)
  A ribbon worm (D:2)
  2 ball pythons (D:1)
  3 endoplasms
  4 giant cockroaches
  4 goblins
  2 hobgoblins
  4 jackals (D:2)
  7 kobolds
  A quokka (D:1)
  8 bats
  5 frilled lizards
44 creatures vanquished.

Notes
Turn   | Place    | Note
-------+----------+-------------------------------------------
     0 | D:1      | qw the Deep Elf Hunter began the quest for the Orb.
     0 | D:1      | Reached XP level 1. HP: 12/12 MP: 3/3
     0 | D:1      | 0 ||| qw: Version: 0.3-a-157-g843a77d
     0 | D:1      | 0 ||| qw: Game counter: 3739
     0 | D:1      | 0 ||| qw: Melee chars always use a shield: true
     0 | D:1      | 0 ||| qw: God list: Okawaru
     0 | D:1      | 0 ||| qw: Allow faded altars: false
     0 | D:1      | 0 ||| qw: Do Orc after clearing Dungeon:15 true
     0 | D:1      | 0 ||| qw: Do second Lair branch before Depths: true
     0 | D:1      | 0 ||| qw: Lair rune preference: random
     0 | D:1      | 0 ||| qw: Goals: Normal
     0 | D:1      | 0 ||| PLANNING D:1-11
    73 | D:1      | Reached skill level 6 in Ranged Weapons
    73 | D:1      | Reached XP level 2. HP: 16/16 MP: 4/4
   554 | D:1      | 554 ||| UPGRADING to +0 ring mail of cold resistance.
   564 | D:1      | 564 ||| DROPPING +0 leather armour.
   565 | D:1      | 565 ||| READING scroll labelled INLAZX FUGHO.
   565 | D:1      | 565 ||| IDENTIFYING murky white potion
   566 | D:1      | 566 ||| READING scroll labelled MIQAICZOXU.
   567 | D:1      | 567 ||| DROPPING scroll of butterflies.
   568 | D:1      | 568 ||| DROPPING potion of lignification.
   634 | D:2      | Reached XP level 3. HP: 20/20 MP: 5/5
  1106 | D:2      | Reached skill level 7 in Ranged Weapons
  1445 | D:2      | 1445 ||| READING scroll of identify.
  1445 | D:2      | 1445 ||| IDENTIFYING bubbling puce potion
  1446 | D:2      | 1446 ||| READING scroll labelled XASIWIYRAGORPH.
  1447 | D:2      | 1447 ||| READING scroll labelled IPTUSM UTAROGG.
  1447 | D:2      | 1447 ||| ENCHANTING +0 ring mail of cold resistance.
  1538 | D:3      | Noticed Ijyb
  1539 | D:3      | 1539 ||| FLEEEEING.
  1540 | D:3      | 1540 ||| FLEEEEING.
  1541 | D:3      | 1541 ||| FLEEEEING.
  1542 | D:3      | 1542 ||| FLEEEEING.
  1543 | D:3      | 1543 ||| FLEEEEING.
  1544 | D:3      | 1544 ||| FLEEEEING.
  1545 | D:3      | 1545 ||| FLEEEEING.
  1546 | D:3      | 1546 ||| FLEEEEING.
  1547 | D:3      | 1547 ||| FLEEEEING.
  1548 | D:3      | 1548 ||| FLEEEEING.
  1549 | D:3      | 1549 ||| FLEEEEING.
  1551 | D:3      | 1551 ||| FLEEEEING.
  1564 | D:3      | Killed Ijyb
  1565 | D:3      | Reached XP level 4. HP: 9/25 MP: 6/6
  1739 | D:3      | Identified the +8 sling "Yrism" {drain, rElec rF+}
  1740 | D:3      | HP: 5/24 [gnoll/+0 spear (2)]
  1740 | D:3      | Shot with a sling bullet by a gnoll

Levels and vault maps discovered:
D:1:      minmay_arrival_jagged, layout_loops_ring
D:2:      layout_basic, kennysheep_generic_room_7
D:3:      layout_loops_cross, mainiacjoe_overflow_catwalk_spiral, serial_shops,
          shop, kennysheep_cluttered_room, uniq_ijyb

Skill      XL: |  1  2  3 |
---------------+----------+-----
Ranged Weapons | 6 7 |  7.7
Fighting       | |  1.5
Dodging        | |  2.4
Stealth        | |  1.2

Action                     |  1- 3 |  4- 6 || total
---------------------------+-------+-------++-------
   Fire: Shortbow          |   106 |    17 ||   123
    Use: Scroll            |     5 |       ||     5
 Armour: Leather armour    |     1 |       ||     1
         Ring mail         |    25 |     8 ||    33
  Dodge: Dodged            |    33 |     4 ||    37

Table legend:
 A = Non-vault XP
 B = Vault XP
 C = Vault XP percentage of total XP
 D = Non-vault monster count
 E = Vault monster count
 F = Vault count percentage of total count
                 A         B        C        D         E       F
            +---------+---------+-------+---------+---------+-------
      Total |      83 |      38 |  31.4 |      40 |       4 |   9.1
            +---------+---------+-------+---------+---------+-------
        D:1 |      38 |       0 |   0.0 |      22 |       0 |   0.0
        D:2 |      27 |       5 |  15.6 |      14 |       3 |  17.6
        D:3 |      18 |      33 |  64.7 |       4 |       1 |  20.0
            +---------+---------+-------+---------+---------+-------
